 Dungeon Crawl Stone Soup version 0.18.1-50-g88ac8fd (webtiles) character file.

2194 nikopol the Fighter (level 9, -7/82 HPs)
             Began as a Minotaur Berserker on Oct 23, 2016.
             Was an Elder of Trog.
             Mangled by an ice beast (8 damage)
             ... on level 7 of the Dungeon.
             The game lasted 00:11:49 (7323 turns).

nikopol the Fighter (Minotaur Berserker)            Turns: 7323, Time: 00:11:50

Health: -7/82      AC:  9    Str: 23    XL:     9   Next: 12%
Magic:  8/8        EV: 13    Int:  4    God:    Trog [****..]
Gold:   275        SH:  0    Dex: 12    Spells: 0 memorised, 8 levels left

rFire  . . .     SeeInvis .     a - +0 hand axe
rCold  . . .     Gourm    .     f - +0 scale mail
rNeg   . . .     Faith    .     (no shield)
rPois  .         Spirit   .     (helmet restricted)
rElec  .         Dismiss  .     (no cloak)
rCorr  .         Reflect  .     (no gloves)
SustAt .         Harm     .     C - +0 pair of boots
MR     .....                    (no amulet)
Stlth  ..........               (no ring)
                                (no ring)

@: drained, not resistant to hostile enchantments, extremely unstealthy
A: retaliatory headbutt, horns 2
a: Berserk, Trog's Hand, Brothers in Arms, Burn Spellbooks, Renounce Religion


You were on level 7 of the Dungeon.
You worshipped Trog.
Trog was greatly pleased with you.
You were not hungry.

You visited 1 branch of the dungeon, and saw 7 of its levels.

You collected 275 gold pieces.

Inventory:

Hand Weapons
 a - a +0 hand axe (weapon)
Missiles
 k - 145 arrows (quivered)
Armour
 b - a +0 animal skin
 f - a +0 scale mail (worn)
 h - a +0 leather armour
 C - a +0 pair of boots (worn)
Scrolls
 e - 5 scrolls of remove curse {unknown}
 g - 7 scrolls of identify {unknown}
 i - a scroll of vulnerability {unknown}
 n - 2 scrolls of recharging {unknown}
 p - 2 scrolls of teleportation {unknown}
 q - a scroll of random uselessness {unknown}
 u - a scroll of noise {unknown}
 w - a scroll of amnesia {unknown}
 x - a scroll of enchant weapon {unknown}
 A - 2 scrolls of immolation {unknown}
 B - 2 scrolls of magic mapping {unknown}
Potions
 j - a potion of heal wounds {unknown}
 l - 2 potions of cure mutation {unknown}
 m - 2 potions of flight {unknown}
 r - a potion of ambrosia {unknown}
 s - a potion of mutation {unknown}
 t - 2 potions of curing {unknown}
 v - 2 potions of agility {unknown}
 z - 2 potions of lignification {unknown}
 D - a potion of haste {unknown}
Books
 y - a book of Spatial Translocations

   Spells                             Type                      Level
   a - Apportation                    Translocation                1
   b - Blink                          Translocation                2
   c - Shroud of Golubria             Charms/Translocation         2
   d - Portal Projectile              Translocation                3
   e - Teleport Other                 Translocation                3
   f - Passage of Golubria            Translocation                4
   Trog disapproves of the use of such an item.
Comestibles
 c - 5 bread rations
 d - 3 meat rations
 o - 4 fruits


   Skills:
 + Level 8.3(7.8) Fighting
 + Level 7.9(7.4) Axes
 + Level 7.8(7.3) Armour
 + Level 6.7(6.2) Dodging


You had 8 spell levels left.
You didn't know any spells.

Dungeon Overview and Level Annotations

Branches:
Dungeon (7/15)             Temple (0/1) D:4

Altars:
Dithmenos
Gozag
Kikubaaqudgha
Makhleb
Okawaru
Pakellas
Ru
Sif Muna
Xom

Annotations:
D:7 Joseph


Innate Abilities, Weirdness & Mutations

You reflexively headbutt those who attack you in melee.
You have a pair of horns on your head.


Message History

You're too hungry to go berserk.
You barely miss the ice beast. You headbutt the ice beast!
The ice beast is almost dead.
Joseph shoots a sling bullet.
The sling bullet closely misses you. The ice beast closely misses you.
You hit the ice beast but do no damage. Your headbutt misses the ice beast.
The ice beast is almost dead.
Joseph shoots a sling bullet.
The sling bullet hits you!
Eat which item? (? for menu, Esc to quit)
The ice beast closely misses you.
You continue eating.
The ice beast hits you. The ice beast freezes you!
* * * LOW HITPOINT WARNING * * *
Joseph shoots a sling bullet.
The sling bullet hits you!
* * * LOW HITPOINT WARNING * * *
You continue eating.
The ice beast hits you.
* * * LOW HITPOINT WARNING * * *
The ice beast freezes you!
You die...

.........# .........###
........... ##########
..........# #...(...).
..........# #.........
.......@..# #.........
.....(Y).## #.........
.......@(.#####.........
#########...............
#.(###.#.###.... #..# #
#.... #..###.#.###....
#......#........
#..#########....
##.....#.....###
#.###.#.###..##


You could see Joseph and an ice beast.

Vanquished Creatures
  Menkaure (D:4)
  An orc warrior (D:6)
  3 ice beasts
  2 ogres
  3 giant frogs
  A scorpion (D:6)
  10 wights
  An electric eel (D:6)
  3 crimson imps
  2 giant frog skeletons
  A hound (D:6)
  A jelly (D:6)
  4 orc wizards
  3 orc priests
  An iguana (D:5)
  5 worker ants
  2 hound zombies
  9 adders
  4 gnolls (D:4)
  A shadow imp (D:6)
  An adder zombie (D:6)
  An adder skeleton (D:5)
  4 worms
  A dart slug (D:4)
  4 giant geckos (D:1)
  20 orcs
  A ball python (D:4)
  7 giant cockroaches
  10 goblins
  7 hobgoblins
  2 jackals (D:5)
  3 quokkas
  8 bats
  6 giant newts
  5 kobolds
  7 rats
145 creatures vanquished.

Vanquished Creatures (others)
  A wyvern (D:4)
1 creature vanquished.

Grand Total: 146 creatures vanquished

Notes
Turn   | Place    | Note
--------------------------------------------------------------
     0 | D:1      | nikopol the Minotaur Berserker began the quest for the Orb.
     0 | D:1      | Reached XP level 1. HP: 19/19 MP: 0/0
   298 | D:1      | Reached XP level 2. HP: 20/27 MP: 1/1
   503 | D:1      | Reached skill level 4 in Fighting
   585 | D:1      | Reached ** piety under Trog
   757 | D:1      | Reached XP level 3. HP: 31/33 MP: 2/2
  1405 | D:2      | Found a faded altar to an unknown god.
  2120 | D:3      | Reached XP level 4. HP: 38/41 MP: 3/3
  2229 | D:3      | Found a deep blue altar of Sif Muna.
  2229 | D:3      | Found an oddly glowing altar of Pakellas.
  2326 | D:3      | Reached XP level 5. HP: 45/47 MP: 4/4
  2608 | D:3      | Reached *** piety under Trog
  2864 | D:4      | Reached skill level 5 in Fighting
  2869 | D:4      | Reached skill level 5 in Axes
  2869 | D:4      | Reached XP level 6. HP: 49/56 MP: 5/5
  2933 | D:4      | Found an iron altar of Okawaru.
  2933 | D:4      | Found an opulent altar of Gozag.
  3019 | D:4      | Found a staircase to the Ecumenical Temple.
  3071 | D:4      | Found a shadowy altar of Dithmenos.
  3225 | D:4      | Found an oddly glowing altar of Pakellas.
  3225 | D:4      | Noticed an orange crystal statue
  3226 | D:4      | Noticed a wyvern
  3255 | D:4      | Killed a wyvern
  3317 | D:4      | Noticed Menkaure
  3325 | D:4      | Killed Menkaure
  3544 | D:4      | Reached skill level 5 in Armour
  3807 | D:5      | Entered Level 5 of the Dungeon
  3807 | D:5      | Found an ancient bone altar of Kikubaaqudgha.
  3848 | D:5      | Reached **** piety under Trog
  3848 | D:5      | Reached XP level 7. HP: 58/62 MP: 6/6
  3888 | D:5      | Found a sacrificial altar of Ru.
  3940 | D:5      | Reached skill level 6 in Fighting
  4077 | D:5      | Reached skill level 5 in Dodging
  4396 | D:5      | Found a sacrificial altar of Ru.
  5352 | D:6      | Reached XP level 8. HP: 57/71 MP: 7/7
  5448 | D:6      | Reached skill level 7 in Fighting
  6764 | D:7      | Reached skill level 8 in Fighting
  6787 | D:7      | Reached XP level 9. HP: 35/81 MP: 8/8
  7029 | D:7      | Found a shimmering altar of Xom.
  7029 | D:7      | Found a burning altar of Makhleb.
  7310 | D:7      | Noticed Joseph
  7323 | D:7      | HP: 1/82 [ice beast (4)]
  7323 | D:7      | Mangled by an ice beast

Skill      XL: |  1  2  3  4  5  6  7  8 |
---------------+-------------------------+-----
Fighting       | 4 5 6 8 |  8.3
Armour         | 3 4 5 6 7 |  7.8
Axes           | 4 5 6 7 |  7.9
Dodging        | 3 4 5 6 |  6.7

Action                   |  1- 3 |  4- 6 |  7- 9 || total
-------------------------+-------+-------+-------++-------
Melee: Hand axe          |    82 |   162 |   216 ||   460
       Headbutt          |     8 |    25 |    51 ||    84
Invok: Berserk           |     1 |     1 |     1 ||     3
  Eat: Chunk             |     3 |     6 |     5 ||    14
       Royal jelly       |       |     1 |       ||     1
       Pizza             |       |       |     2 ||     2
       Fruit             |       |       |     1 ||     1
       Beef jerky        |       |       |     1 ||     1
       Bread ration      |       |       |     1 ||     1
Armor: Animal skin       |     3 |       |       ||     3
       Leather armour    |    10 |       |       ||    10
       Scale mail        |    18 |    45 |    53 ||   116
Dodge: Dodged            |    49 |    87 |   122 ||   258
